 Dungeon Crawl Stone Soup version 0.23.0 (webtiles) character file.

Game seed: 4688746057450198429

34888 swicky the Fighter (level 13, 0/122 HPs)
             Began as a Minotaur Berserker on Feb 13, 2019.
             Was a High Priest of Trog.
             Slain by a hell beast (13 damage)
             ... on level 1 of the Depths on Feb 14, 2019.
             The game lasted 00:40:23 (12881 turns).

swicky the Fighter (Minotaur Berserker)            Turns: 12881, Time: 00:40:24

Health: 0/122      AC: 26    Str: 23    XL:     13   Next: 44%
Magic:  0/21       EV: 11    Int:  8    God:    Trog [*****.]
Gold:   657        SH:  0    Dex: 11    Spells: 12/12 levels left

rFire    . . .     SeeInvis +   b - +10 battleaxe of Arrival {elec, Int+4 Dex-3 SInv}
rCold    . . .     Gourm    .   (shield currently unavailable)
rNeg     . . .     Faith    .   C - +4 plate armour
rPois    .         Spirit   +   s - +1 hat
rElec    .         Reflect  .   i - +0 cloak
rCorr    .         Harm     .   (no gloves)
MR       ++...                  j - +0 pair of boots
Stlth    ..........             G - amulet of guardian spirit
HPRegen  1.30/turn              E - ring of magical power
MPRegen  0.17/turn              Z - +2 ring of protection

@: berserk cooldown, regenerating, hasted and slowed
A: retaliatory headbutt, horns 2
a: Berserk, Trog's Hand, Brothers in Arms, Renounce Religion


You were on level 1 of the Depths.
You worshipped Trog.
Trog was extremely pleased with you.
You were near starving.

You visited 3 branches of the dungeon, and saw 17 of its levels.

You collected 977 gold pieces.
You spent 320 gold pieces at shops.

Inventory:

Hand Weapons
 b - the +10 battleaxe of Arrival (weapon) {elec, Int+4 Dex-3 SInv}
   (Trog gifted it to you on level 13 of the Dungeon)

   Occasionally, upon striking a foe, it will discharge some electrical energy
   and cause terrible harm.
   It affects your intelligence (+4).
   It affects your dexterity (-3).
   It lets you see invisible.
 O - a +0 war axe
 W - a +2 hunting sling of freezing
Armour
 i - a +0 cloak (worn)
 j - a +0 pair of boots (worn)
 n - a +0 troll leather armour
 s - a +1 hat (worn)
 z - a +0 chain mail of fire resistance
 C - a +4 plate armour (worn)
 D - a +0 cloak
 K - a +0 large shield
Jewellery
 a - an uncursed ring of fire
 l - an uncursed amulet of harm {unknown}
 E - a ring of magical power (left hand)
 F - a cursed ring of teleportation {unknown}
 G - an amulet of guardian spirit (around neck)
 I - an uncursed ring of wizardry {unknown}
 S - an uncursed ring of fire
 Y - an uncursed amulet of magic regeneration
 Z - a +2 ring of protection (right hand)
Wands
 o - a wand of digging (4)
 p - a wand of clouds (6)
 q - a wand of random effects (8)
 r - a wand of paralysis (6)
 H - a wand of flame (47)
 N - a wand of iceblast (5)
Scrolls
 d - 11 scrolls of remove curse
 f - 3 scrolls of torment
 g - 3 scrolls of identify
 h - 10 scrolls of teleportation
 m - a scroll of fog {unknown}
 x - 2 scrolls of fear
 y - a scroll of enchant armour {unknown}
 A - 5 scrolls of immolation
 B - a scroll of noise {unknown}
 J - a scroll of brand weapon {unknown}
 L - 2 scrolls of magic mapping {unknown}
 T - a scroll of amnesia {unknown}
Potions
 e - 2 potions of cancellation {unknown}
 k - 2 potions of flight
 t - 5 potions of brilliance
 u - a potion of resistance {unknown}
 v - 4 potions of agility
 w - a potion of lignification {unknown}
 M - 2 potions of mutation
 U - a potion of might {unknown}
 X - a potion of invisibility
Miscellaneous
 V - a fan of gales
Comestibles
 c - 25 rations


   Skills:
 + Level 13.3 Fighting
 + Level 13.3 Axes
 + Level 13.0 Armour
 - Level 9.0 Dodging
 * Level 12.8 Shields


You had 12 spell levels left.
You didn't know any spells.
Your spell library was empty.

Dungeon Overview and Level Annotations

Branches:
Dungeon (15/15)            Temple (0/1) D:7            Lair (1/6) D:9
    Orc (0/2) D:10         Vaults (0/5) D:14         Depths (1/5) D:15

Altars:
Ashenzari
Fedhas
Gozag
Hepliaklqana
Kikubaaqudgha
Makhleb
Okawaru
Qazlal
Ru
Trog
Uskayaw
Xom
Zin
Beogh

Shops:
D:5 :   D:7 !?(?*   D:11 ([=

Portals:
Hell: Depths:1

Annotations:
D:6 2 transporters


Innate Abilities, Weirdness & Mutations

You reflexively headbutt those who attack you in melee.
You have a pair of horns on your head.


Message History

You feel yourself slow down. The hell beast bites you!!
* * * LOW HITPOINT WARNING * * *
The hell beast closely misses you.
You slash the hell beast!
The hell beast is heavily wounded.
Your two-headed ogre closely misses the hell beast.
Your two-headed ogre misses the hell beast.
The hell beast closely misses you. You furiously retaliate!
You headbutt the hell beast. The hell beast tramples you!
* * * LOW HITPOINT WARNING * * *
You hold your ground!
The hell beast bites you!
* * * LOW HITPOINT WARNING * * *
The hell beast closely misses you.
You barely miss the hell beast.
The hell beast is heavily wounded.
You are no longer corroded.
Your two-headed ogre completely misses the hell beast.
Your two-headed ogre closely misses the hell beast.
The hell beast bites you!
You die...

...#######.##...##...
#.....#..............
##.#...####'####....
..#..##.......# ...
#'#(####.....## #
#.#.#.###...##
#..(#(.###+##
#####(#(.O#...#
#..$..'..@2.∩.+
#.....#...#...#
#.....#..## +##
#.....#.## #.....###
#...... #......
#.....


You could see a hell beast and a friendly two-headed ogre (berserk).

Vanquished Creatures
  Harold (D:10)
  A hydra (D:12)
  2 two-headed ogres
  Erica (D:8)
  2 tengu warriors
  2 unseen horrors
  5 skeletal warriors (D:14)
  A wolf spider zombie (D:15)
  A necromancer (D:15)
  2 deep elf magi (D:15)
  An ugly thing (D:12)
  4 cyclopes
  2 naga magi (D:15)
  A rust devil (Depths:1)
  Psyche (D:10)
  A centaur zombie (D:11)
  A torpor snail (D:13)
  An ice devil (Depths:1)
  A komodo dragon (D:13)
  A queen bee (D:13)
  4 meliai
  A red devil (D:12)
  3 trolls
  4 tyrant leeches (D:13)
  A hornet (D:5)
  2 slime creatures (D:12)
  3 hippogriffs
  A centaur simulacrum (D:15)
  A shadow (D:14)
  A wraith (D:11)
  Sigmund (D:3)
  30 yaks
  2 wyverns
  A basilisk (D:14)
  5 hungry ghosts
  2 vampire mosquitoes (D:13)
  Duvessa (D:7)
  7 swamp worms (D:13)
  An acid dragon (D:11)
  A water moccasin (D:12)
  9 orc warriors
  7 sky beasts
  5 ice beasts
  4 phantoms
  A necrophage (D:12)
  2 centaurs
  A big kobold (D:12)
  6 bullfrogs
  Dowan (D:7)
  2 wyvern skeletons
  8 scorpions
  20 killer bees (D:13)
  A water moccasin skeleton (D:6)
  5 wights (D:8)
  7 howler monkeys
  7 crimson imps
  3 bullfrog zombies
  2 quasits
  9 orc priests
  2 hounds
  4 jellies
  2 bullfrog skeletons
  14 orc wizards
  3 centaur skeletons
  A gnoll shaman (D:5)
  2 iguanas (D:10)
  11 worker ants
  A hound zombie (D:5)
  11 gnolls
  A howler monkey skeleton (D:7)
  11 adders
  6 shadow imps
  An ooze (D:2)
  2 adder skeletons
  8 worms
  3 dart slugs
  8 leopard geckos
  81 orcs
  7 giant cockroaches
  11 goblins
  9 hobgoblins
  15 jackals
  14 kobolds
  8 quokkas
  4 bats
  4 frilled lizards
  A quokka skeleton (D:4)
  6 rats
455 creatures vanquished.

Vanquished Creatures (collateral kills)
  A stone giant (Depths:1)
  2 dancing weapons (D:14)
  2 meliai (D:14)
  A scorpion (D:14)
  A killer bee (D:13)
7 creatures vanquished.

Vanquished Creatures (others)
  An orc wizard (D:10)
  A gnoll (D:6)
  3 plants (D:13)
5 creatures vanquished.

Grand Total: 467 creatures vanquished

Notes
Turn   | Place    | Note
-------+----------+-------------------------------------------
     0 | D:1      | swicky the Minotaur Berserker began the quest for the Orb.
     0 | D:1      | Reached XP level 1. HP: 19/19 MP: 0/0
    96 | D:1      | Reached XP level 2. HP: 21/27 MP: 1/1
   620 | D:1      | Reached ** piety under Trog
   797 | D:2      | Reached XP level 3. HP: 33/33 MP: 2/2
  1312 | D:2      | Found a burning altar of Makhleb.
  1471 | D:2      | Reached XP level 4. HP: 38/41 MP: 3/3
  1521 | D:2      | Found a bloodstained altar of Trog.
  1947 | D:3      | Found a hide-covered altar of Uskayaw.
  2255 | D:3      | Noticed Sigmund
  2261 | D:3      | Reached XP level 5. HP: 47/47 MP: 4/4
  2267 | D:3      | Killed Sigmund
  2267 | D:3      | Reached skill level 5 in Fighting
  2267 | D:3      | Reached skill level 5 in Axes
  2267 | D:3      | Reached XP level 6. HP: 55/56 MP: 5/5
  2398 | D:3      | Reached *** piety under Trog
  2628 | D:4      | Found a glowing silver altar of Zin.
  2664 | D:4      | Found a stormy altar of Qazlal.
  3082 | D:4      | Found an iron altar of Okawaru.
  3239 | D:5      | Entered Level 5 of the Dungeon
  3244 | D:5      | Reached XP level 7. HP: 62/62 MP: 6/6
  3280 | D:5      | Found a hazy altar of Hepliaklqana.
  3308 | D:5      | Reached skill level 5 in Armour
  3402 | D:5      | You fall through a shaft for 3 floors!
  3420 | D:8      | Reached skill level 5 in Dodging
  3921 | D:8      | Found a shattered altar of Ashenzari.
  4001 | D:8      | Noticed Erica
  4014 | D:8      | Killed Erica
  4014 | D:8      | Reached XP level 8. HP: 52/73 MP: 7/7
  4154 | D:8      | Noticed a hippogriff
  4161 | D:8      | Killed a hippogriff
  4180 | D:8      | Noticed a cyclops
  4190 | D:8      | Found a shimmering altar of Xom.
  4204 | D:8      | Killed a cyclops
  4204 | D:8      | Reached XP level 9. HP: 28/81 MP: 8/8
  4970 | D:9      | Found a staircase to the Lair.
  5019 | D:9      | Found a blossoming altar of Fedhas.
  5053 | D:9      | Found an opulent altar of Gozag.
  5053 | D:9      | Found an ancient bone altar of Kikubaaqudgha.
  5135 | D:9      | Found a sacrificial altar of Ru.
  5378 | Lair:1   | Entered Level 1 of the Lair of Beasts
  5420 | D:7      | Found Simysun's Weapon Shoppe.
  5420 | D:7      | Found Xewn's Magic Scroll Shop.
  5452 | D:7      | Noticed Dowan
  5453 | D:7      | Noticed Duvessa
  5459 | D:7      | Killed Duvessa
  5461 | D:7      | Killed Dowan
  5498 | D:7      | Found Wuyps's Assorted Antiques.
  5518 | D:7      | Reached XP level 10. HP: 78/91 MP: 9/9
  5534 | D:7      | Bought a blackened jade ring for 160 gold pieces
  5621 | D:7      | Reached **** piety under Trog
  5742 | D:7      | Found Keafewuh's Distillery.
  5784 | D:7      | Found Voph's Magic Scroll Shop.
  5880 | D:7      | Found a staircase to the Ecumenical Temple.
  6464 | D:6      | Reached skill level 10 in Axes
  6543 | D:6      | Found a transporter.
  6558 | D:6      | Found a transporter.
  6583 | D:6      | Reached skill level 10 in Fighting
  7027 | D:5      | Reached skill level 1 in Shields
  7214 | D:5      | Found Cudin's Book Shoppe.
  7273 | D:5      | Reached ***** piety under Trog
  7641 | D:10     | Entered Level 10 of the Dungeon
  7690 | D:10     | Noticed Psyche
  7699 | D:10     | Killed Psyche
  7699 | D:10     | Reached skill level 10 in Armour
  7842 | D:10     | Found a roughly hewn altar of Beogh.
  7940 | D:10     | Received a gift from Trog
  7975 | D:10     | Found a staircase to the Orcish Mines.
  8039 | D:10     | Noticed Harold
  8081 | D:10     | Killed Harold
  8081 | D:10     | Reached XP level 11. HP: 101/101 MP: 10/10
  8123 | D:10     | Noticed a tengu warrior
  8136 | D:10     | Killed a tengu warrior
  8136 | D:10     | Reached skill level 5 in Shields
  8610 | D:11     | Found Jaresh's Armour Emporium.
  8642 | D:11     | Found Ciump's Jewellery Boutique.
  8652 | D:11     | Bought a +2 ring of protection for 160 gold pieces
  8665 | D:11     | Found Hymaowos's Weapon Boutique.
  8688 | D:11     | You fall through a shaft for 2 floors!
  8705 | D:13     | Found a hide-covered altar of Uskayaw.
  8926 | D:12     | Found a burning altar of Makhleb.
  8948 | D:12     | Noticed a cyan ugly thing
  8956 | D:12     | Killed a cyan ugly thing
  9535 | D:12     | Killed an unseen horror
  9779 | D:12     | Noticed an eight-headed hydra
  9817 | D:12     | Killed a 19-headed hydra
  9817 | D:12     | Reached XP level 12. HP: 40/112 MP: 6/11
 10664 | D:13     | Reached skill level 10 in Shields
 11046 | D:13     | You fall through a shaft!
 11190 | D:13     | HP: 5/113 [meliai/divine providence (12)]
 11195 | D:13     | HP: 5/113 [meliai/+0 hand axe (1)]
 11195 | D:13     | HP: 2/113 [meliai/+0 hand axe (3)]
 11201 | D:13     | Received a gift from Trog
 11571 | D:13     | Got a crude battleaxe {god gift}
 11577 | D:13     | Identified the +10 battleaxe of Arrival {elec, Int+4 Dex-3
                  | SInv} (Trog gifted it to you on level 13 of the Dungeon)
 11706 | D:13     | Noticed a two-headed ogre
 11710 | D:13     | Killed a two-headed ogre
 11921 | D:14     | Noticed a two-headed ogre
 11924 | D:14     | Killed a two-headed ogre
 11963 | D:14     | Reached XP level 13. HP: 70/119 MP: 12/12
 11975 | D:14     | Found a gate to the Vaults.
 12363 | D:14     | You fall through a shaft!
 12363 | D:15     | Entered Level 15 of the Dungeon
 12486 | D:15     | Found a staircase to the Depths.
 12806 | Depths:1 | Entered Level 1 of the Depths
 12856 | Depths:1 | Noticed a stone giant
 12875 | Depths:1 | Killed a stone giant
 12877 | Depths:1 | Found a gateway to Hell.
 12881 | Depths:1 | Slain by a hell beast

Skill      XL: |  1  2  3  4  5  6  7  8  9 10 11 12 13 |
---------------+----------------------------------------+-----
Axes           | 4 5 7 8 9 10 11 12 13 | 13.3
Fighting       | 4 5 7 8 9 10 11 12 13 | 13.3
Armour         | 3 4 6 7 8 10 11 12 13 | 13.0
Dodging        | 3 4 6 7 8 9 |  9.0
Shields        | 4 9 11 12 | 12.8

Action                   |  1- 3 |  4- 6 |  7- 9 | 10-12 | 13-15 || total
-------------------------+-------+-------+-------+-------+-------++-------
Melee: Hand axe          |    61 |   140 |    46 |       |       ||   247
       Headbutt          |    10 |    25 |    31 |   197 |    18 ||   281
       Battleaxe         |       |       |   116 |   159 |    91 ||   366
       War axe           |       |       |       |   712 |       ||   712
Invok: Berserk           |     2 |     6 |     8 |    25 |     4 ||    45
       Trog's Hand       |       |     3 |     5 |     8 |     1 ||    17
       Brothers in Arms  |       |       |       |     3 |     1 ||     4
  Use: Scroll            |       |     4 |       |    14 |       ||    18
       Potion            |       |       |       |     1 |     3 ||     4
  Eat: Chunk             |     4 |    11 |     8 |    42 |       ||    65
       Ration            |       |       |     4 |     3 |     2 ||     9
Armor: Animal skin       |    16 |     9 |       |       |       ||    25
       Ring mail         |       |    49 |       |       |       ||    49
       Scale mail        |       |     1 |    28 |       |       ||    29
       Chain mail        |       |       |    25 |       |       ||    25
       Plate armour      |       |       |    17 |   505 |    68 ||   590
Dodge: Dodged            |    41 |    95 |   101 |   259 |    43 ||   539
Block: Buckler           |     1 |    20 |     8 |       |       ||    29
       Large shield      |       |       |       |   602 |       ||   602
